 Dungeon Crawl Stone Soup version 0.32-a0-485-g70f7560b1c (webtiles) character file.

Game seed: 12524301423418756303

59278 gimp the Brawler (level 14, -3/72 HPs)
             Began as a Vine Stalker Shapeshifter on Feb 26, 2024.
             Was a High Priest of Trog.
             Slain by a sixfirhy (9 damage)
             ... summoned by an orc sorcerer
             ... while paralysed by an orc sorcerer
             ... on level 2 of the Orcish Mines.
             The game lasted 00:30:40 (17083 turns).

gimp the Brawler (Vine Stalker Shapeshifter)       Turns: 17083, Time: 00:30:40

Health: -3/72      AC:  5    Str: 19    XL:     14   Next: 94%
Magic:  0/15       EV:  2    Int: 10    God:    Trog [*****.]
Gold:   1414       SH:  0    Dex: 17    Spells: 13/13 levels left

rFire   . .          .
                       - Unarmed
rCold   . . .        (shield currently unavailable)
rNeg    + . .        j - melded +2 robe {rC+ rF+}
rPois   .            (no helmet)
rElec   .            (no cloak)
rCorr   +            y - +1 pair of gloves
SInv    .            n - +2 pair of boots
Will    +....        (no amulet)
Stlth   +            h - ring of resist corrosion
HPRegen 1.12/turn    J - ring of Suspected Treachery {+Blink rN+}
MPRegen 0.14/turn

%: guardian spirit
@: paralysed, flux-form, glowing
A: glow, contaminating, fangs 3, regeneration 1, magic shield, antimagic bite,
no potion heal 2
a: Begin Untransformation, Renounce Religion, Evoke Blink, Berserk, Trog's Hand,
Brothers in Arms


You were on level 2 of the Orcish Mines.
You worshipped Trog.
Trog was extremely pleased with you.
You were something dangerously unstable.
You visited 4 branches of the dungeon, and saw 19 of its levels.
You also visited: Sewer.

You collected 1519 gold pieces.
You spent 105 gold pieces at shops.

Inventory:

Missiles
 i - 2 throwing nets (quivered)
 D - 2 curare-tipped darts
Armour
 j - a +2 robe of resistance (melded)
 n - a +2 pair of boots (worn)
 p - +0 steam dragon scales
 y - a +1 pair of gloves (worn)
Jewellery
 h - a ring of resist corrosion (left hand)
 m - a +6 ring of intelligence
 H - the amulet of Wovucaoz {Faith rN+ Str+2}
   (You found it on level 3 of the Lair of Beasts)

   [amulet of faith]

   Faith:     It allows you to gain divine favour quickly.
   Str+2:     It affects your strength (+2).
   rN+:       It protects you from negative energy.
 J - the ring of Suspected Treachery (right hand) {+Blink rN+}
   (You found it on level 5 of the Lair of Beasts)

   [ring of positive energy]

   rN+:       It protects you from negative energy.
   +Blink:    It lets you blink.
Talismans
 c - a beast talisman
 d - a flux talisman (active)
Wands
 s - a wand of digging (3)
 t - a wand of mindburst (34)
 u - a wand of charming (14)
 v - a wand of iceblast (14)
 x - a wand of flame (29)
 I - a wand of polymorph (3)
Scrolls
 a - 3 scrolls of revelation
 b - 13 scrolls of teleportation
 o - 2 scrolls of enchant armour
 q - a scroll of blinking
 r - 6 scrolls of vulnerability
 z - 4 scrolls of fear
 A - 3 scrolls of immolation {unknown}
 C - 2 scrolls of poison
 K - a scroll of brand weapon {unknown}
 L - a scroll of fog {unknown}
Potions
 f - 5 potions of might
 g - 6 potions of curing
 k - 2 potions of haste
 l - 2 potions of ambrosia
 w - a potion of attraction
 B - a potion of mutation
 E - 3 potions of invisibility
 F - 2 potions of enlightenment {unknown}
 G - 2 potions of berserk rage {unknown}
Miscellaneous
 e - a phial of floods


   Skills:
 - Level 7.0 Fighting
 + Level 11.9 Dodging
 * Level 15.1 Unarmed Combat
 * Level 13.7 Shapeshifting


You had 13 spell levels left.
You didn't know any spells.
Your spell library contained the following spells:

 Spells                   Type           Power      Damage    Failure   Level
 Sandblast                Erth           0%         2d4       36%         1
 Dazzling Flash           Conj/Hex       0%         N/A       75%         3
 Hailstorm                Conj/Ice       0%         3d5       75%         3
 Passwall                 Erth           0%         N/A       75%         3
 Stone Arrow              Conj/Erth      0%         3d7       75%         3
 Summon Ice Beast         Ice/Summ       0%         N/A       75%         3
 Volatile Blastmotes      Fire/Tloc      0%         2d10      75%         3
 Brom's Barrelling Bould  Conj/Erth      0%         2d3       98%         4
 Sculpt Simulacrum        Ice/Alch       0%         N/A       100%        6
 Starburst                Conj/Fire      0%         6d3       100%        6
 Maxwell's Capacitive Co  Air            0%         ∞         100%        8


Dungeon Overview and Level Annotations

Branches:
Dungeon (11/15)            Temple (1/1) D:5            Lair (5/5) D:11
 Shoals (0/4) Lair:3        Snake (0/4) Lair:2        Slime (0/5) Lair:5
    Orc (2/2) D:10          Sewer (visited)
    Elf: Orc:2

Altars:
Ashenzari
Cheibriados
Dithmenos
Elyvilon
Fedhas
Gozag
Hepliaklqana
Kikubaaqudgha
Makhleb
Nemelex Xobeh
Okawaru
Qazlal
Ru
Sif Muna
Trog
Uskayaw
Vehumet
Wu Jian
Xom
Yredelemnul
Zin
The Shining One
Beogh
Jiyva
Lugonu

Shops:
D:3 ?   D:8 (

Portals:
Abyss: Lair:5

Annotations:
D:3 exclusion: 2 goblins
D:11 4 exclusions
Lair:3 exclusion: oklob plant
Lair:4 3 runed translucent doors, exclusion: 3 doors, Pijio's ghost, journeyman MDFi


Innate Abilities, Weirdness & Mutations

You are something dangerously unstable.
You glow with magical radiation, making you easy to see and hit.
Foes you strike become dangerously contaminated with magical radiation.
You are incapable of wielding weapons or throwing items.
You have razor-sharp teeth.
Your natural rate of healing is unusually fast.
When hurt, damage is shared between your health and your magic reserves.
Your bite disrupts and absorbs the magic of your enemies.
Potions cannot restore your health.


Message History

You punch the orc warrior!
You kill the orc warrior!
Trog accepts your kill.
The orc wizard points at you and mumbles some strange words.
The magic dart hits you. The orc closely misses you.
You take 3 damage, and have 45/72 hp.
You now have 12/15 mp.
You hit the orc wizard.
The orc wizard begins to glow.
Your bite misses the orc wizard.
The orc wizard is lightly wounded.
You punch the orc wizard!
The orc wizard glows dangerously bright.
The orc wizard is severely wounded.
The orc wizard gestures at you while chanting.
The magic dart hits you. The orc hits you with a +0 mace.
You take 4 damage, and have 42/72 hp.
You now have 11/15 mp.
You hit the orc wizard.
You kill the orc wizard!
Trog accepts your kill.
Trog appreciates your killing of a magic user.
The orc completely misses you.
You hit the orc but do no damage.
The orc begins to glow.
You bite the orc. You drain its power.
You feel invigorated.
The orc is moderately wounded.
MP restored: 15 You punch the orc!
You kill the orc!
Trog accepts your kill.
No target in view!
No target in view!
Things that are here:
a +0 mace; a +0 plate armour; an orc corpse
Things that are here:
a +0 mace; a +0 plate armour
Things that are here:
a +0 dagger; a +0 robe
There is a stone staircase leading down here.
Things that are here:
a +0 mace; a +0 ring mail; an orc corpse You regained 2 hp, and now have 50/72 hp.
There is a stone staircase leading down here.
You start resting.
HP restored.
Health restored: 72 You climb downwards.
The orc misses you. The orc barely misses you.
There is a stone staircase leading up, spattered with blood here.
You hit the orc.
The orc begins to glow.
You bite the orc. You drain its power.
The orc is almost dead.
The orc misses you. The orc completely misses you.
You hit the orc.
You kill the orc!
Trog accepts your kill. The orc hits you but does no damage.
You hit the orc priest.
The orc priest begins to glow.
You bite the orc priest. You drain its power.
The orc priest is moderately wounded.
You hit the orc priest.
The orc priest glows dangerously bright.
You bite the orc priest! You drain its power.
The orc priest is almost dead.
The orc misses you.
An orc priest comes into view. It is wielding a +0 dagger.
The orc priest barely misses you.
The orc priest shouts!
You punch the orc priest!
You kill the orc priest!
Trog accepts your kill.
You hear a shout!
The orc closely misses you.
You barely miss the orc. The orc completely misses you.
The orc sorcerer shouts!
You hit the orc.
The orc begins to glow.
Your bite misses the orc.
The orc is lightly wounded.
You hit the orc but do no damage.
The orc glows dangerously bright.
You bite the orc. You drain its power.
The orc is heavily wounded.
The orc hits you with a +0 mace. The orc warrior closely misses you.
The orc sorcerer gestures wildly while chanting.
You take 4 damage, and have 68/72 hp.
You now have 14/15 mp.
You hit the orc.
The orc shudders as magic cascades through it!
You kill the orc!
Trog accepts your kill. The orc warrior misses you.
The orc sorcerer casts a spell at you.
You suddenly lose the ability to move!
The sixfirhy hits you but does no damage.
The sixfirhy hits you. The sixfirhy shocks you!
The orc warrior hits you from afar with a +0 trident!
The orc warrior hits you from afar with a +0 trident!
The orc sorcerer shouts, "You are history!"
An orc comes into view. It is wielding a +1 vampiric whip.
The orc warrior hits you from afar with a +0 trident!
The sixfirhy hits you. The sixfirhy shocks you! The sixfirhy hits you!
* * * LOW HITPOINT WARNING * * *
The sixfirhy shocks you!
* * * LOW HITPOINT WARNING * * *
The sixfirhy hits you.
* * * LOW HITPOINT WARNING * * *
The sixfirhy shocks you!
You die...

# # ######.##
...#.##.#.....#
...o..3p)....#
.....#)o...###
.........o..#
........#....#
.............#
...............
................
.............o.#
....... .......


You could see a sixfirhy (summoned), an orc sorcerer, an orc warrior, an orc
priest and an orc.

Vanquished Creatures
  8 hydras
  A catoblepas (Lair:5)
  Harold (D:11)
  A boulder beetle (D:11)
  A two-headed ogre (Orc:1)
  8 death yaks
  3 thrashing horrors (Lair:5)
  A skyshark (Lair:5)
  2 cyclopes (D:11)
  An oklob plant (Lair:1)
  A manticore (D:11)
  4 ugly things
  A salamander (shapeshifter) (Lair:5)
  11 elephants
  2 kobold blastminers (Orc:1)
  A torpor snail (Lair:3)
  3 black mambas
  10 cane toads
  3 smoke demons (Lair:5)
  A kobold demonologist (D:11)
  Maggie (D:6)
  4 rime drakes
  6 komodo dragons
  An unseen horror (D:11)
  A large abomination (Lair:5)
  A polar bear (shapeshifter) (Lair:5)
  2 trolls (D:11)
  2 polar bears
  21 blink frogs
  11 dream sheep
  A raiju (Lair:5)
  A shadow (D:11)
  A spriggan (Lair:5)
  A wraith (D:8)
  11 small abominations (Lair:5)
  4 wyverns
  A ynoxinul (Lair:5)
  A warg (Orc:1)
  A basilisk (shapeshifter) (Lair:5)
  9 basilisks
  51 yaks
  3 steam dragons
  3 vampire mosquitoes (D:11)
  A chaos spawn (Lair:5)
  A naga (Lair:2)
  2 acid dragons (D:11)
  12 water moccasins
  Duvessa (D:7)
  9 orc warriors
  An ice beast (D:5)
  3 sky beasts
  28 wolves
  An ogre (Orc:1)
  6 centaurs
  4 phantoms
  7 kobold brigands
  6 bullfrogs
  2 scorpions (D:6)
  6 wights
  Dowan (D:7)
  5 killer bees (D:9)
  An electric eel (D:8)
  2 howler monkeys (D:11)
  2 bombardier beetles (D:5)
  3 jellies
  A gnoll bouda (D:8)
  2 hounds
  17 orc priests
  A sleepcap (D:6)
  5 iguanas
  7 hell rats (Lair:2)
  10 orc wizards
  6 gnolls
  17 adders
  A shadow imp (D:7)
  A white imp (D:7)
  4 ufetubi (D:6)
  6 dart slugs
  2 ribbon worms
  40 orcs
  6 ball pythons
  7 endoplasms
  9 giant cockroaches
  3 goblins
  2 hobgoblins
  6 jackals
  6 quokkas
  A bat (D:2)
  16 frilled lizards
  10 kobolds
  9 rats
501 creatures vanquished.

Vanquished Creatures (collateral kills)
  A small abomination (Lair:5)
1 creature vanquished.

Grand Total: 502 creatures vanquished

Notes
Turn   | Place    | Note
-------+----------+-------------------------------------------
     0 | D:1      | gimp the Vine Stalker Shapeshifter began the quest for the
                  | Orb.
     0 | D:1      | Reached XP level 1. HP: 9/9 MP: 2/2
    36 | D:1      | Reached skill level 1 in Fighting
    74 | D:1      | Reached XP level 2. HP: 14/14 MP: 3/3
   703 | D:2      | Reached XP level 3. HP: 18/18 MP: 4/4
   994 | D:1      | Reached XP level 4. HP: 14/23 MP: 5/5
  1256 | D:2      | Noticed a phantom
  1268 | D:2      | Killed a phantom
  1269 | D:2      | Reached XP level 5. HP: 26/28 MP: 4/6
  1850 | D:3      | Found an iron altar of Okawaru.
  1930 | D:3      | Reached skill level 4 in Unarmed Combat
  2003 | D:3      | Identified the +1 robe of Shadows and Fog {+Blink Regen+
                  | Dex-4 Archmagi}
  2060 | D:3      | Found Saudeadgh's Magic Scroll Shoppe.
  2063 | D:3      | Bought a scroll of blinking for 105 gold pieces
  2190 | D:4      | Found a glowing drain.
  2206 | D:4      | Reached XP level 6. HP: 32/32 MP: 7/7
  2213 | Sewer    | Entered a sewer
  3288 | D:4      | Reached XP level 7. HP: 24/38 MP: 4/8
  3530 | D:5      | Entered Level 5 of the Dungeon
  3618 | D:5      | Reached skill level 5 in Fighting
  3743 | D:5      | Reached skill level 5 in Unarmed Combat
  3953 | D:4      | Gained mutation: You have razor-sharp teeth. [Vine Stalker
                  | growth]
  3953 | D:4      | Reached XP level 8. HP: 44/44 MP: 9/9
  4347 | D:5      | Found a staircase to the Ecumenical Temple.
  4501 | Temple   | Entered the Ecumenical Temple
  4513 | Temple   | Became a worshipper of Trog the Wrathful
  4676 | D:6      | Found a basalt altar of Yredelemnul.
  4742 | D:6      | Noticed Maggie
  4770 | D:6      | Killed Maggie
  4777 | D:6      | Reached skill level 6 in Unarmed Combat
  5061 | D:6      | Reached skill level 5 in Dodging
  5061 | D:6      | Reached XP level 9. HP: 44/50 MP: 10/10
  5168 | D:6      | Reached skill level 7 in Unarmed Combat
  5675 | D:7      | Reached * piety under Trog
  5703 | D:7      | Noticed Dowan
  5705 | D:7      | Noticed Duvessa
  5775 | D:7      | Killed Duvessa
  5776 | D:7      | Reached skill level 5 in Shapeshifting
  5779 | D:7      | Killed Dowan
  5962 | D:7      | Reached XP level 10. HP: 53/55 MP: 11/11
  6252 | D:8      | Reached skill level 8 in Unarmed Combat
  6309 | D:8      | Found Utaelo's Weapon Shoppe.
  6566 | D:8      | Noticed a cyclops
  6566 | D:8      | Noticed a cyclops
  6566 | D:8      | Noticed a red ugly thing
  6566 | D:8      | Noticed a cyclops
  6575 | D:8      | Noticed a centaur warrior
  6575 | D:8      | Noticed a gargoyle
  6586 | D:8      | Noticed a tengu warrior
  6588 | D:8      | Noticed a cyclops
  6629 | D:8      | Found a stormy altar of Qazlal.
  6630 | D:8      | Found a shadowy altar of Dithmenos.
  7178 | D:9      | Reached ** piety under Trog
  7976 | D:10     | Entered Level 10 of the Dungeon
  8088 | D:10     | Reached skill level 9 in Unarmed Combat
  8242 | D:10     | Reached XP level 11. HP: 53/58 MP: 9/12
  8445 | D:10     | Reached *** piety under Trog
  8615 | D:10     | Found a staircase to the Orcish Mines.
  9094 | D:11     | Noticed Harold
  9113 | D:11     | Killed Harold
  9192 | D:11     | Reached skill level 10 in Unarmed Combat
  9203 | D:11     | Noticed a boulder beetle
  9217 | D:11     | Killed a boulder beetle
  9316 | D:11     | Noticed a white ugly thing
  9320 | D:11     | Found a staircase to the Lair.
  9333 | D:11     | Killed a white ugly thing
  9339 | D:11     | Noticed a cyclops
  9361 | D:11     | Killed a cyclops
  9613 | D:11     | Noticed a manticore
  9633 | D:11     | Killed a manticore
  9807 | D:11     | Noticed a cyclops
  9814 | D:11     | Killed a cyclops
  9815 | D:11     | Reached XP level 12. HP: 63/63 MP: 13/13
  9913 | Lair:1   | Entered Level 1 of the Lair of Beasts
 10018 | Lair:1   | Reached skill level 11 in Unarmed Combat
 10210 | Lair:1   | Reached skill level 10 in Shapeshifting
 10452 | Lair:1   | Found an ancient bone altar of Kikubaaqudgha.
 10695 | Lair:1   | Reached **** piety under Trog
 11500 | Lair:2   | Reached skill level 10 in Dodging
 11504 | Lair:2   | Reached skill level 12 in Unarmed Combat
 11790 | Lair:2   | Found a staircase to the Snake Pit.
 11805 | Lair:2   | Reached XP level 13. HP: 67/67 MP: 14/14
 12259 | Lair:3   | Found a staircase to the Shoals.
 12749 | Lair:3   | Found a runed translucent door.
 13104 | Lair:3   | Identified the amulet of Wovucaoz {Faith rN+ Str+2}
 13649 | Lair:4   | Reached skill level 13 in Unarmed Combat
 13670 | Lair:4   | Reached ***** piety under Trog
 13911 | Lair:4   | Found a runed translucent gate.
 13911 | Lair:4   | Found a runed translucent gate.
 13911 | Lair:4   | Found a runed translucent gate.
 14289 | Lair:4   | Noticed Pijio's ghost (journeyman MDFi)
 14430 | Lair:5   | Entered Level 5 of the Lair of Beasts
 14666 | Lair:5   | Reached XP level 14. HP: 41/72 MP: 12/15
 14813 | Lair:5   | Found a viscous altar of Jiyva.
 14814 | Lair:5   | Found a staircase to the Slime Pits.
 15041 | Lair:5   | Reached skill level 14 in Unarmed Combat
 15052 | Lair:5   | Identified the ring of Suspected Treachery {+Blink rN+}
 15774 | Lair:5   | HP: 1/108 [small abomination (16)]
 16238 | Lair:5   | Reached skill level 15 in Unarmed Combat
 16266 | Lair:5   | Found a corrupted altar of Lugonu.
 16266 | Lair:5   | Found a one-way gate to the infinite horrors of the Abyss.
 16617 | Orc:1    | Entered Level 1 of the Orcish Mines
 16617 | Orc:1    | Found a roughly hewn altar of Beogh.
 16960 | Orc:2    | Entered Level 2 of the Orcish Mines
 17079 | Orc:2    | Paralysed by an orc sorcerer for 4 turns
 17083 | Orc:2    | Slain by a sixfirhy

Illustrated notes

Levels and vault maps discovered:
D:1:      psy_arrival_whirlpool, layout_loops_ring, minmay_misc_feat_doors,
          minmay_tromino_v7
D:2:      layout_basic
D:3:      layout_loops_ring, kennysheep_okawaru_gauntlet, serial_shops,
          nicolae_shop_rolled_up
D:4:      layout_loops_corners, cheibrodos_sewer_entry_drain,
          grunt_decor_fettered, st_stairs_6
D:5:      layout_basic, minmay_temple_entry_junction
D:6:      layout_basic, amcnicky_altar_gilded, chequers_serial_rivers_small_a,
          uniq_maggie
D:7:      layout_cave_pools, uniq_duvessa
D:8:      layout_basic, nicolae_overflow_squiral, serial_shops, shop,
          minivault_12
D:9:      layout_irregular_city
D:10:     layout_long_grid, erik_orc_2
D:11:     nzn_winding_woodlands_large [nzn_winding_woodlands_5x5_closed_star,
          nzn_winding_woodlands_5x15_garden,
          nzn_winding_woodlands_5x5_checkerboard,
          nzn_winding_woodlands_center_pierced_h,
          nzn_winding_woodlands_15x15_boxy_spiral,
          nzn_winding_woodlands_center_diamonds,
          nzn_winding_woodlands_5x5_three, nzn_winding_woodlands_5x15_longhouse,
          nzn_winding_woodlands_5x5_perimeter], layout_cave_pools, uniq_harold
Temple:   hc_temple_tempest_star
Lair:1:   layout_roguey, lemuel_centaur_altar, grunt_megastairs_2
Lair:2:   layout_long_grid, guppyfry_snake_entry_garden, grunt_megastairs_4
Lair:3:   layout_regular_city, shoals_dummy_entry, grunt_forest_stairs_basic,
          pf_torpor_hydra, lemuel_fruit_fields, serial_bayou_shore_b
Lair:4:   layout_hall_layers, gammafunk_ghost_icy
Lair:5:   hellmonk_lair_end_abyssal_woods, layout_regular_city, slime_entry_1
Orc:1:    layout_diamond_mine, basic_altar
Orc:2:    pf_orc_diabolical, layout_caves, einodemon_barbed_minivault,
          uniq_erolcha

Skill      XL: |  1  2  3  4  5  6  7  8  9 10 11 12 13 14 |
---------------+-------------------------------------------+-----
Fighting       | 1 2 3 4 5 7 |  7.0
Dodging        | 2 3 5 6 7 8 10 11 | 11.9
Unarmed Combat | 4 5 6 7 9 10 12 13 15 | 15.1
Shapeshifting  | 5 7 9 10 12 13 | 13.7

Action                     |  1- 3 |  4- 6 |  7- 9 | 10-12 | 13-15 || total
---------------------------+-------+-------+-------+-------+-------++-------
  Melee: Unarmed           |    79 |   158 |   241 |   705 |   641 ||  1824
         Bite              |    18 |    40 |    79 |   299 |   280 ||   716
         Punch             |     1 |     1 |     1 |     5 |       ||     8
 Invoke: Berserk           |       |       |       |    14 |    20 ||    34
         Trog's Hand       |       |       |       |     3 |     2 ||     5
         Brothers in Arms  |       |       |       |       |     2 ||     2
  Evoke: Phial of floods   |       |       |     1 |       |       ||     1
         Wand              |       |       |       |     1 |       ||     1
    Use: Scroll            |       |     7 |     3 |     9 |     1 ||    20
         Potion            |       |       |     3 |       |       ||     3
   Stab: Sleeping          |     1 |     2 |     1 |     1 |       ||     5
 Armour: Animal skin       |    27 |    86 |    35 |       |       ||   148
         Skin              |       |       |    66 |   204 |   272 ||   542
         Steam dragon scal |       |       |    60 |       |       ||    60
         Robe              |       |       |     1 |    48 |       ||    49
  Dodge: Dodged            |    48 |    94 |   113 |   543 |   491 ||  1289
         Form:             |       |       |       |     1 |       ||     1
         Beast             |       |       |       |     1 |       ||     1
         Flux              |       |       |       |     1 |       ||     1

Table legend: (Time is in decaauts)
 A = Elapsed time spent in this place.
 B = Non-inter-level travel time spent in this place.
 C = Inter-level travel time spent in this place.
 D = Time resting spent in this place.
 E = Time spent auto-exploring this place.
 F = Levels seen in this place.
 G = Mean time per level.
                   A        B        C        D        E       F      G
               +--------+--------+--------+--------+--------+-----+--------+
         Total |  17199 |  16311 |    888 |   1337 |  10677 |  20 |  860.0 |
       Dungeon |   9504 |   9019 |    485 |    552 |   6233 |  11 |  864.0 |
        Temple |     24 |      2 |     22 |      0 |      0 |   1 |   24.0 |
          Lair |   6518 |   6174 |    344 |    732 |   3973 |   5 | 1303.6 |
  Orcish Mines |    477 |    440 |     37 |     46 |    217 |   2 |  238.5 |
         Sewer |    673 |    673 |      0 |      6 |    253 |   1 |  673.0 |
               +--------+--------+--------+--------+--------+-----+--------+

Top non-repeatable levels by time:
  Lair:5: 1917 daAuts
  Lair:4: 1289 daAuts
    D:10: 1202 daAuts
  Lair:1: 1196 daAuts
     D:5: 1098 daAuts
  Lair:3: 1069 daAuts
  Lair:2: 1045 daAuts
     D:6: 975 daAuts
    D:11: 944 daAuts
     D:8: 902 daAuts
     D:9: 864 daAuts
     D:4: 833 daAuts
     D:2: 746 daAuts
     D:3: 697 daAuts
     D:1: 676 daAuts
